 Dungeon Crawl Stone Soup version 0.29.0-4-gdea44cf6ec (webtiles) character file.

Game seed: 3368660536107062279

201 qw the Chopper (level 5, -2/30 HPs)
             Began as a Tengu Warper on Aug 28, 2022.
             Slain by a gnoll bouda
             ... wielding a +0 club
              (6 damage)
             ... on level 4 of the Dungeon.
             The game lasted 00:00:23 (4153 turns).

qw the Chopper (Tengu Warper)                       Turns: 4153, Time: 00:00:23

Health: -2/30      AC:  9    Str: 14    XL:     5   Next: 79%
Magic:  9/9        EV:  7    Int: 13    God:
Gold:   182        SH:  0    Dex: 13    Spells: 8/8 levels left

rFire   . . .      SeeInvis .   Y - +0 hand axe
rCold   . . .      Faith    .   (no shield)
rNeg    . . .      Spirit   .   c - +0 chain mail
rPois   +          Reflect  .   (helmet restricted)
rElec   .          Harm     .   (no cloak)
rCorr   .          Rampage  .   a - +0 pair of gloves
Will    .....                   (boots unavailable)
Stlth   ..........              i - amulet of the acrobat
HPRegen 0.10/turn               b - ring of poison resistance
MPRegen 0.11/turn               (no ring)

@: about to teleport, flying quickly and evasively, quick
A: beak, talons 3, nimble flight
a: no special abilities


You were on level 4 of the Dungeon.
You visited 1 branch of the dungeon, and saw 4 of its levels.

You collected 182 gold pieces.


Innate Abilities, Weirdness & Mutations

You have a beak for a mouth.
You have claws for feet.
Your magical nature lets you fly swiftly and evasively.


   Skills:
 - Level 2.0 Fighting
 + Level 6.1 Axes
 - Level 1.0 Throwing
 - Level 2.1 Armour
 - Level 2.1 Dodging
 - Level 2.0 Spellcasting
 - Level 2.4 Translocations


You had 8 spell levels left.
You didn't know any spells.
Your spell library contained the following spells:

 Spells                   Type           Power      Damage    Failure   Level
 Blink                    Tloc           14%        N/A       98%         2
 Gell's Gravitas          Tloc           7%         N/A       100%        3
 Lesser Beckoning         Tloc           7%         N/A       100%        3
 Teleport Other           Tloc           7%         N/A       100%        3
 Manifold Assault         Tloc           7%         N/A       100%        5

Inventory:

Hand Weapons
 k - a +0 flail
 Y - a +0 hand axe (weapon)
Armour
 a - a +0 pair of gloves (worn)
 c - a +0 chain mail (worn)
Jewellery
 b - a ring of poison resistance (left hand)
 i - an amulet of the acrobat (around neck)
Scrolls
 f - a scroll of identify
Potions
 d - a potion of curing
 h - a potion of heal wounds
 l - a potion of magic {unknown}

Dungeon Overview and Level Annotations

Branches:
Dungeon (4/15)
 Temple: D:4-7

Altars:


Message History

The gnoll bouda is moderately wounded.
The gnoll barely misses you.
The gnoll bouda hits you but does no damage.
You closely miss the gnoll bouda. You claw the gnoll bouda.
The gnoll bouda is heavily wounded.
The gnoll hits you but does no damage.
The gnoll bouda hits you but does no damage.
You hit the gnoll bouda. Your kick misses the gnoll bouda.
The gnoll bouda is almost dead.
The gnoll hits you but does no damage.
The gnoll bouda prays to its god.
The gnoll bouda is healed somewhat.
You hit the gnoll bouda.
You peck the gnoll bouda, but do no damage.
The gnoll bouda is severely wounded.
The gnoll hits you from afar with a +0 spear.
The gnoll bouda hits you with a +0 club.
An endoplasm comes into view.
The endoplasm quivers.
You hit the gnoll bouda but do no damage.
You peck the gnoll bouda.
The gnoll bouda is almost dead.
The gnoll barely misses you.
The gnoll bouda hits you with a +0 club.
You hit the gnoll bouda but do no damage.
You claw the gnoll bouda, but do no damage.
The gnoll bouda is almost dead.
The gnoll hits you but does no damage. The gnoll bouda barely misses you.
You hit the gnoll bouda but do no damage.
You claw the gnoll bouda, but do no damage.
Your peck misses the gnoll bouda.
The gnoll bouda is almost dead.
The gnoll hits you from afar with a +0 spear.
The gnoll bouda hits you with a +0 club.
4153 ||| READING scroll of teleportation.
As you read the scroll of teleportation, it crumbles to dust.
You feel strangely unstable. The gnoll completely misses you.
The gnoll bouda hits you with a +0 club.
You die...

#.# #.# .. #.. ##.#
#.. #.. #.. #.# ..##
##.# ..#
####.)##########
#.###....)).........
##<....##.##@########
#...####..##g#
......#...##.##.hg
.########...##.....
#####J..#... ...#
#... ...# #... ...#
#...


You could see a gnoll bouda, a gnoll (swift), an endoplasm and a jackal.

Vanquished Creatures
  Ijyb (D:3)
  An orc wizard (D:3)
  Terence (D:2)
  Robin (D:3)
  2 adders
  3 gnolls (D:4)
  A dart slug (D:3)
  2 orcs (D:3)
  4 ball pythons
  6 bats
  2 endoplasms (D:1)
  3 giant cockroaches
  7 goblins
  11 hobgoblins
  4 jackals (D:1)
  2 quokkas
  6 frilled lizards
  5 kobolds
  5 rats
67 creatures vanquished.

Notes
Turn   | Place    | Note
-------+----------+-------------------------------------------
     0 | D:1      | qw the Tengu Warper began the quest for the Orb.
     0 | D:1      | Reached XP level 1. HP: 12/12 MP: 4/4
     0 | D:1      | 0 ||| qw: Version: 0.1-a-89-g26bdef1
     0 | D:1      | 0 ||| qw: Game counter: 387
     0 | D:1      | 0 ||| qw: Always use a shield: true
     0 | D:1      | 0 ||| qw: God list: Okawaru
     0 | D:1      | 0 ||| qw: Allow faded altars: false
     0 | D:1      | 0 ||| qw: Do Orc after D:15 true
     0 | D:1      | 0 ||| qw: Do second Lair branch before Depths: true
     0 | D:1      | 0 ||| qw: Lair rune preference: random
     0 | D:1      | 0 ||| qw: Plans: Normal
     0 | D:1      | 0 ||| PLANNING D:1-11
    76 | D:1      | 76 ||| Stepping ~*~*~tactically~*~*~ (stealth).
   170 | D:1      | 170 ||| Stepping ~*~*~tactically~*~*~ (stealth).
   179 | D:1      | Reached XP level 2. HP: 8/17 MP: 6/6
   180 | D:1      | Reached skill level 3 in Axes
   181 | D:1      | HP: 4/17 [jackal (1)]
   780 | D:1      | 780 ||| DROPPING +0 club.
  1538 | D:1      | Reached XP level 3. HP: 18/21 MP: 7/7
  1602 | D:1      | 1602 ||| UPGRADING to +0 ring mail.
  1612 | D:1      | 1612 ||| DROPPING +0 leather armour.
  1613 | D:1      | 1613 ||| READING scroll labelled TIRICEUBAI.
  1618 | D:1      | 1618 ||| READING 3 scrolls labelled ENEOMA MUIQYS.
  1619 | D:1      | 1619 ||| READING scroll labelled POVEPI KEZIA.
  1620 | D:1      | 1620 ||| READING 2 scrolls of identify.
  1620 | D:1      | 1620 ||| IDENTIFYING inky potion
  1621 | D:1      | 1621 ||| DROPPING scroll of blinking.
  1925 | D:2      | Reached skill level 4 in Axes
  2030 | D:2      | Found a faded altar of an unknown god.
  2094 | D:2      | 2094 ||| Stepping ~*~*~tactically~*~*~ (stealth).
  2131 | D:2      | 2131 ||| Stepping ~*~*~tactically~*~*~ (stealth).
  2573 | D:2      | Noticed Terence
  2581 | D:2      | Killed Terence
  2582 | D:2      | Reached XP level 4. HP: 22/26 MP: 8/8
  2679 | D:2      | 2679 ||| UPGRADING to +0 pair of gloves.
  2684 | D:2      | 2684 ||| UPGRADING to +0 chain mail.
  2694 | D:2      | 2694 ||| DROPPING +0 ring mail.
  2695 | D:2      | 2695 ||| UPGRADING to ring of poison resistance.
  2696 | D:2      | 2696 ||| READING scroll labelled YTUOTR KUPRET.
  2738 | D:3      | Noticed Ijyb
  2739 | D:3      | 2739 ||| Stepping randomly (stuck).
  2740 | D:3      | 2740 ||| Stepping randomly (stuck).
  2741 | D:3      | 2741 ||| Stepping randomly (stuck).
  2748 | D:3      | 2748 ||| Stepping randomly (stuck).
  2749 | D:3      | 2749 ||| Stepping randomly (stuck).
  2750 | D:3      | 2750 ||| Stepping randomly (stuck).
  2751 | D:3      | 2751 ||| Stepping randomly (stuck).
  2752 | D:3      | 2752 ||| Stepping randomly (stuck).
  2753 | D:3      | 2753 ||| Stepping randomly (stuck).
  2754 | D:3      | 2754 ||| Stepping randomly (stuck).
  2755 | D:3      | 2755 ||| Stepping randomly (stuck).
  2756 | D:3      | 2756 ||| Stepping randomly (stuck).
  2757 | D:3      | 2757 ||| Stepping randomly (stuck).
  2758 | D:3      | 2758 ||| Stepping randomly (stuck).
  2759 | D:3      | 2759 ||| Stepping randomly (stuck).
  2760 | D:3      | 2760 ||| Stepping randomly (stuck).
  2761 | D:3      | 2761 ||| Stepping randomly (stuck).
  2769 | D:3      | 2769 ||| Stepping randomly (stuck).
  2770 | D:3      | 2770 ||| Stepping randomly (stuck).
  2771 | D:3      | 2771 ||| Stepping randomly (stuck).
  2772 | D:3      | 2772 ||| Stepping randomly (stuck).
  2773 | D:3      | 2773 ||| Stepping randomly (stuck).
  2774 | D:3      | 2774 ||| Stepping randomly (stuck).
  2803 | D:3      | Killed Ijyb
  2804 | D:3      | Reached skill level 5 in Axes
  2957 | D:3      | 2957 ||| Stepping ~*~*~tactically~*~*~ (stealth).
  3001 | D:3      | 3001 ||| Stepping ~*~*~tactically~*~*~ (hiding).
  3003 | D:3      | 3003 ||| Stepping ~*~*~tactically~*~*~ (hiding).
  3013 | D:3      | Gained mutation: Your magical nature lets you fly swiftly
                  | and evasively. [Tengu growth]
  3013 | D:3      | Reached XP level 5. HP: 30/30 MP: 9/9
  3237 | D:3      | 3237 ||| Stepping ~*~*~tactically~*~*~ (hiding).
  3383 | D:3      | 3383 ||| DROPPING +0 whip.
  3533 | D:3      | Noticed Robin
  3543 | D:3      | Killed Robin
  3878 | D:3      | 3878 ||| UPGRADING to amulet of the acrobat.
  3883 | D:3      | 3883 ||| READING scroll labelled ETORAE SOHUULYA.
  3884 | D:3      | 3884 ||| READING 3 scrolls of identify.
  3884 | D:3      | 3884 ||| IDENTIFYING white potion
  3885 | D:3      | 3885 ||| READING 2 scrolls of identify.
  3885 | D:3      | 3885 ||| IDENTIFYING blue potion
  3886 | D:3      | 3886 ||| DROPPING potion of lignification.
  3965 | D:4      | 3965 ||| Stepping ~*~*~tactically~*~*~ (stealth).
  3972 | D:4      | Reached skill level 6 in Axes
  4132 | D:4      | 4132 ||| Stepping ~*~*~tactically~*~*~ (stealth).
  4134 | D:4      | 4134 ||| Stepping ~*~*~tactically~*~*~ (hiding).
  4152 | D:4      | HP: 6/30 [gnoll/+0 spear[a gnoll bouda] (4)]
  4153 | D:4      | 4153 ||| READING scroll of teleportation.
  4153 | D:4      | Slain by a gnoll bouda

Levels and vault maps discovered:
D:1:      elethiomel_arrival_infinity_welcomes_careful_drivers, layout_basic
D:2:      layout_loops_corners, hellmonk_ecumenical_altar_pennies_from_heaven,
          wad_floor_pattern_untrapped, uniq_terence
D:3:      layout_rooms, serial_co_window_serial, co_window_corner_a,
          co_window_paths_a, co_window_paths_b, co_window_corner_a,
          co_window_paths_b, co_window_broadway_b, co_window_2corner,
          co_window_of_opportunity_b, co_window_paths_d, co_window_sun,
          minmay_misc_feat_rugged, serial_park_tiny_2, uniq_ijyb, uniq_robin
D:4:      layout_rooms, fedhas_altar_1, chequers_jeans, kennysheep_diamond

Skill      XL: |  1  2  3  4  5 |
---------------+----------------+-----
Axes           | 3 4 5 6 |  6.1
Armour         | 2 |  2.1
Fighting       | |  2.0
Throwing       | |  1.0
Dodging        | |  2.1
Spellcasting   | |  2.0
Translocations | |  2.4

Action                   |  1- 3 |  4- 6 || total
-------------------------+-------+-------++-------
Melee: Hand axe          |   111 |    79 ||   190
       Kick              |    23 |    21 ||    44
       Peck              |    11 |    13 ||    24
       Unarmed           |       |    30 ||    30
       Punch             |       |     1 ||     1
Throw: Boomerang         |     7 |     1 ||     8
  Use: Scroll            |     4 |     5 ||     9
Armor: Leather armour    |    23 |       ||    23
       Ring mail         |     8 |       ||     8
       Chain mail        |       |    27 ||    27
       Skin              |       |     3 ||     3
Dodge: Dodged            |    55 |    57 ||   112

Table legend:
 A = Non-vault XP
 B = Vault XP
 C = Vault XP percentage of total XP
 D = Non-vault monster count
 E = Vault monster count
 F = Vault count percentage of total count
                 A         B        C        D         E       F
            +---------+---------+-------+---------+---------+-------
      Total |     190 |      98 |  34.0 |      58 |       9 |  13.4
            +---------+---------+-------+---------+---------+-------
        D:1 |      37 |       0 |   0.0 |      22 |       0 |   0.0
        D:2 |      35 |      32 |  47.8 |      16 |       1 |   5.9
        D:3 |      75 |      66 |  46.8 |      17 |       8 |  32.0
        D:4 |      43 |       0 |   0.0 |       3 |       0 |   0.0
            +---------+---------+-------+---------+---------+-------
